 Dungeon Crawl Stone Soup version 0.28-a0-1206-g193881aaa2 (webtiles) character file.

Game seed: 14413569298035896260

3360 ytrimaz the Insei (level 10, -10/78 HPs)
             Began as an Octopode Transmuter on Dec 20, 2021.
             Was an Initiate of Ashenzari.
             Killed by nerve-wracking pain
             ... invoked by an orc priest
              (14 damage)
             ... on level 6 of the Dungeon.
             The game lasted 00:09:27 (8236 turns).

ytrimaz the Insei (Octopode Transmuter)             Turns: 8236, Time: 00:09:28

Health: -10/78     AC:  8    Str: 10    XL:     10   Next: 3%
Magic:  16/20      EV: 15    Int: 25    God:    Ashenzari [......]
Gold:   265        SH:  0    Dex: 13    Spells: 12/22 levels left

rFire   x . .      SeeInvis .     - Unarmed
rCold   + + +      Faith    .   (shield currently unavailable)
rNeg    . . .      Spirit   .   (helmet currently unavailable)
rPois   +          Reflect  .   (no amulet)
rElec   .          Harm     .   a - +6 ring of intelligence
rCorr   .          Rampage  .   b - ring of wizardry
Will    .....                   s - +4 ring of evasion
Stlth   +.........              (no ring)
HPRegen 0.23/turn               (no ring)
MPRegen 0.17/turn               (no ring)
                                (no ring)
                                (no ring)

@: ice-form
A: freezing attack, boosted hp, almost no armour, amphibious, 8 rings, large,
(camouflage 1), (gelatinous body 1), (nimble swimmer 1), (tentacles)
a: End Transformation, Renounce Religion, Curse Item


You were on level 6 of the Dungeon.
You worshipped Ashenzari.
Ashenzari was noncommittal.
You were a creature of crystalline ice.
You visited 2 branches of the dungeon, and saw 7 of its levels.

You collected 265 gold pieces.

Inventory:

Missiles
 m - 3 throwing nets
Jewellery
 a - a +6 ring of intelligence (left front paw)
 b - a ring of wizardry (right front paw)
 s - a +4 ring of evasion (on tentacle)
Wands
 d - a wand of iceblast (5)
 g - a wand of paralysis (1)
 l - a wand of polymorph (12)
Scrolls
 f - a scroll of acquirement
 j - a scroll of enchant armour
Potions
 c - 2 potions of attraction
 e - a potion of flight
 k - 2 potions of mutation
 p - a potion of ambrosia


   Skills:
 * Level 4.9 Fighting
 * Level 5.4 Dodging
 + Level 7.3 Unarmed Combat
 * Level 6.7 Spellcasting
 * Level 6.2 Transmutations
 + Level 2.6 Ice Magic
 + Level 1.2 Poison Magic
 + Level 1.0 Evocations


You had 12 spell levels left.
You knew the following spells:

 Your Spells              Type           Power      Damage    Failure   Level
a - Beastly Appendage     Tmut           78%        N/A       1%          1
b - Wereblood             Tmut           39%        N/A       1%          2
c - Spider Form           Tmut/Pois      27%        N/A       1%          3
d - Ice Form              Ice/Tmut       30%        N/A       4%          4

Your spell library contained the following spells:

 Spells                   Type           Power      Damage    Failure   Level
 Ensorcelled Hibernation  Hex/Ice        28%        N/A       2%          2


Dungeon Overview and Level Annotations

Branches:
Dungeon (6/15)             Temple (1/1) D:5

Altars:
Ashenzari
Cheibriados
Dithmenos
Fedhas
Gozag
Hepliaklqana
Kikubaaqudgha
Makhleb
Nemelex Xobeh
Okawaru
Qazlal
Ru
Sif Muna
Uskayaw
Vehumet
Wu Jian
Yredelemnul
Zin
The Shining One

Shops:
D:3 (

Annotations:
D:3 1 runed translucent door, Crazy Yiuf


Innate Abilities, Weirdness & Mutations

You are a creature of crystalline ice.
You have a powerful freezing melee attack.
Your maximum health is increased.
Your armour is entirely melded.
You are incapable of wielding weapons or throwing items.
You cannot wear most types of armour.
You are amphibious.
You can wear up to eight rings at the same time.
((Your skin changes colour to match your surroundings (Stealth+).))
((Your rubbery body absorbs attacks. (AC +1, EV +1)))
((You are camouflaged near water. (Stealth+)))
((You have tentacles for arms and can constrict up to eight enemies at once.))


Message History

An orc wizard is nearby!
An orc wizard is nearby!
An orc wizard is nearby!
An orc wizard is nearby!
You hear a shout! x2
Your primal bloodlust has ended.
Casting: Ice Form (dangerous; 4% risk of failure)
Confirm with . or Enter, or press ? or * to list all spells.
You extend your transformation's duration.
The orc wizard casts a spell at you. The puff of flame hits you!
The fire burns you terribly!
You are engulfed in a cloud of scalding steam.
You are engulfed in a cloud of scalding steam.
You are too injured to fight recklessly!
You are too injured to fight recklessly!
You are too injured to fight recklessly!
The orc wizard hits you with a +0 dagger.
You hit the orc wizard but do no damage.
The orc wizard barely misses you.
You punch the orc wizard! You freeze the orc wizard.
You kill the orc wizard!
Items here: $ )) [ †.
The orc priest mumbles some strange prayers to Beogh against you.
Pain shoots through your body!
* * * LOW HITPOINT WARNING * * *
You punch the orc priest! You freeze the orc priest.
The orc priest is severely wounded.
The orc priest mumbles some strange prayers to Beogh against you.
Beogh smites you!
* * * LOW HITPOINT WARNING * * *
You barely miss the orc priest.
The orc priest is severely wounded.
The orc priest barely misses you.
Unknown command.
Okay, then.
You barely miss the orc priest.
The orc priest is severely wounded.
The orc priest invokes the aid of Beogh against you.
Pain shoots through your body!
You die...

..# ##.##. ..# ##.§.#. ..#
######§....# ..# #....§......
..####################.###......#
...........)).$..................
.≈≈≈≈)≈≈≈≈≈)≈≈≈≈≈≈≈≈....≈≈≈≈≈≈≈≈≈
)≈≈≈≈≈≈≈≈≈≈≈≈≈≈≈≈≈≈)..$.≈≈≈≈≈≈≈≈≈
.≈≈#####≈≈≈)))≈≈Yo≈≈....≈≈≈≈≈≈≈≈≈
.≈≈#...#........))...............
.≈≈#...#############''''#########
.≈≈###'# #....# .≈≈≈.#.# '....'.
.≈≈≈.#.# ....### .≈≈≈.# #''##
.≈≈≈.# .. .≈≈≈.#


You could see an orc priest.

Vanquished Creatures
  A troll (D:6)
  Grinder (D:5)
  Sigmund (D:3)
  2 wargs (D:6)
  Duvessa (D:5)
  An orc warrior (D:6)
  2 ice beasts (D:6)
  2 ogres
  5 kobold brigands
  A gnoll sergeant (D:6)
  Dowan (D:5)
  5 killer bees (D:6)
  4 howler monkeys (D:6)
  2 bullfrog zombies
  A jelly (D:6)
  A gnoll shaman (D:6)
  5 orc priests
  9 hounds (D:6)
  A centaur skeleton (D:6)
  Jessica (D:2)
  5 iguanas
  9 orc wizards (D:6)
  A hound skeleton (D:4)
  10 gnolls
  2 adders
  2 white imps (D:6)
  2 ufetubi
  6 worms
  A dart slug (D:3)
  19 orcs
  3 ball pythons
  4 bats
  3 endoplasms
  3 giant cockroaches
  6 goblins
  3 hobgoblins
  3 jackals
  12 kobolds
  2 quokkas (D:3)
  2 frilled lizards (D:3)
  3 rats
148 creatures vanquished.

Vanquished Creatures (others)
  An orc wizard (D:6)
  2 fungi (D:6)
  2 plants (D:6)
5 creatures vanquished.

Grand Total: 153 creatures vanquished

Notes
Turn   | Place    | Note
-------+----------+-------------------------------------------
     0 | D:1      | ytrimaz the Octopode Transmuter began the quest for the
                  | Orb.
     0 | D:1      | Reached XP level 1. HP: 13/13 MP: 3/3
   505 | D:1      | Reached XP level 2. HP: 4/18 MP: 3/5
   925 | D:2      | Learned a level 2 spell: Wereblood
   973 | D:2      | Noticed Jessica
   980 | D:2      | Killed Jessica
   981 | D:2      | Reached XP level 3. HP: 11/23 MP: 4/6
   999 | D:2      | Learned a level 3 spell: Spider Form
  2185 | D:2      | Reached XP level 4. HP: 27/28 MP: 5/7
  2362 | D:2      | Identified a scroll of acquirement
  2635 | D:3      | Found Variz's Antique Weapon Emporium.
  2674 | D:3      | Noticed Sigmund
  2825 | D:3      | Reached XP level 5. HP: 29/34 MP: 3/9
  2912 | D:3      | Killed Sigmund
  2913 | D:3      | Reached skill level 4 in Unarmed Combat
  2913 | D:3      | Reached XP level 6. HP: 41/41 MP: 1/11
  3310 | D:3      | Found a runed translucent door.
  3311 | D:3      | Noticed Crazy Yiuf
  3811 | D:3      | Learned a level 4 spell: Ice Form
  3929 | D:4      | Reached skill level 1 in Poison Magic
  4405 | D:4      | Reached XP level 7. HP: 45/45 MP: 7/12
  4886 | D:5      | Entered Level 5 of the Dungeon
  5129 | D:5      | Noticed Grinder
  5142 | D:5      | Killed Grinder
  5260 | D:5      | Found a staircase to the Ecumenical Temple.
  5274 | Temple   | Entered the Ecumenical Temple
  5493 | Temple   | Became a worshipper of Ashenzari the Shackled
  5739 | D:5      | Reached skill level 5 in Unarmed Combat
  5808 | D:5      | Reached XP level 8. HP: 52/52 MP: 9/14
  6105 | D:5      | Noticed Dowan
  6105 | D:5      | Noticed Duvessa
  6122 | D:5      | Killed Duvessa
  6123 | D:5      | Reached skill level 1 in Ice Magic
  6137 | D:5      | Killed Dowan
  6717 | D:6      | Reached skill level 5 in Spellcasting
  6798 | D:6      | Reached skill level 5 in Transmutations
  6983 | D:6      | Reached skill level 6 in Unarmed Combat
  7142 | D:6      | Reached XP level 9. HP: 58/58 MP: 7/17
  7501 | D:6      | Noticed a troll
  7518 | D:6      | HP: 1/69 [orc wizard] (16)]
  7581 | D:6      | Reached skill level 5 in Dodging
  7920 | D:6      | Killed a troll
  7921 | D:6      | Reached skill level 1 in Evocations
  8115 | D:6      | Identified the amulet "Qaebluj" {Faith rPois SInv}
  8170 | D:6      | Reached skill level 7 in Unarmed Combat
  8207 | D:6      | Reached XP level 10. HP: 37/65 MP: 15/20
  8236 | D:6      | Killed from afar by an orc priest

Illustrated notes

Levels and vault maps discovered:
D:1:      psy_arrival_statuary, layout_basic
D:2:      layout_basic, chequers_serial_rivers_micro_e, uniq_jessica
D:3:      layout_basic, serial_shops, nicolae_shop_waterfront, uniq_sigmund,
          uniq_crazy_yiuf_cottage
D:4:      layout_loops_ring, grunt_ministairs_5
D:5:      layout_loops_corners, minmay_temple_entry_crystal_x, uniq_grinder,
          uniq_duvessa
D:6:      lemuel_castle_with_subvaults [lemuel_castle_interior_original],
          layout_loops_ring
Temple:   mainiacjoe_temple_bowtie_tessellation

Skill      XL: |  1  2  3  4  5  6  7  8  9 |
---------------+----------------------------+-----
Fighting       | 2 3 4 |  4.9
Spellcasting   | 3 4 5 6 |  6.7
Unarmed Combat | 4 5 6 7 |  7.3
Transmutations | 3 4 5 6 |  6.2
Dodging        | 3 4 5 |  5.4
Poison Magic   | 1 |  1.2
Ice Magic      | 1 2 |  2.6
Evocations     | 1 |  1.0

Action                   |  1- 3 |  4- 6 |  7- 9 | 10-12 || total
-------------------------+-------+-------+-------+-------++-------
Melee: Unarmed           |    58 |   108 |   213 |     7 ||   386
       Constrict         |    15 |    11 |       |       ||    26
       Kick              |    17 |     5 |       |       ||    22
       Tentacles         |     9 |     7 |     1 |       ||    17
       Punch             |       |     1 |       |       ||     1
 Cast: Beastly Appendage |    15 |    12 |       |       ||    27
       Spider Form       |       |     9 |     2 |       ||    11
       Wereblood         |       |     2 |     3 |       ||     5
       Ice Form          |       |     5 |    32 |     1 ||    38
Evoke: Wand              |       |     1 |     8 |       ||     9
  Use: Scroll            |       |     6 |    10 |       ||    16
       Potion            |       |       |     4 |       ||     4
 Stab: Sleeping          |     1 |     2 |     1 |       ||     4
       Paralysed         |       |     4 |     9 |       ||    13
Armor: Skin              |     2 |    13 |    47 |     1 ||    63
Dodge: Dodged            |    30 |    71 |   122 |     2 ||   225

Table legend: (Time is in decaauts)
 A = Elapsed time spent in this place.
 B = Non-inter-level travel time spent in this place.
 C = Inter-level travel time spent in this place.
 D = Time resting spent in this place.
 E = Time spent auto-exploring this place.
 F = Levels seen in this place.
 G = Mean time per level.
                   A        B        C        D        E       F      G
               +--------+--------+--------+--------+--------+-----+--------+
         Total |   8207 |   7959 |    248 |    847 |   5885 |   7 | 1172.4 |
       Dungeon |   7956 |   7738 |    218 |    847 |   5683 |   6 | 1326.0 |
        Temple |    251 |    221 |     30 |      0 |    202 |   1 |  251.0 |
               +--------+--------+--------+--------+--------+-----+--------+

Top non-repeatable levels by time:
     D:6: 1687 daAuts
     D:2: 1528 daAuts
     D:5: 1395 daAuts
     D:3: 1378 daAuts
     D:4: 1047 daAuts
     D:1: 919 daAuts
  Temple: 251 daAuts
